Map: Dusk Towers

Players

Willrock - Winner!

  • Race: Terran Terran
  • League: Gold

capac

  • Race: Terran Terran
  • League: Gold

VOD

Have the link to the VOD?

Description

Time

  • Played on: Feb. 21, 2016, 10:58 a.m.
  • Length: 39:05
Show
View Real Time Build Order
Export as new Build Order

Willrock Terran - Winner!

Build Orders: 1/1/1 

Get SALT Encoding   

  12  0:00  SCV  
  13  0:14  Supply Depot  
  13  0:18  SCV  
  14  0:29  Refinery  
  14  0:41  Barracks  
  14  0:45  SCV  
  15  1:00  SCV  
  16  1:09  Refinery  
  16  1:12  SCV  
  16  1:17  Supply Depot  
  17  1:34  Factory  
  17  1:37  Marine  
  18  1:54  Barracks  
  18  1:57  Orbital Command  
  18  2:05  Marine  
  19  2:23  Starport  
  19  2:29  SCV  
  20  2:33  Factory Tech Lab  
  20  2:49  Barracks  
  20  2:52  Marine  
  21  3:00  Siege Tank  
  24  3:07  Medivac  
  24  3:12  Marine  
  27  3:20  SCV  
  28  3:33  Siege Tank  
  31  3:35  Supply Depot  
  31  3:51  Bunker  
  31  3:56  Marine  
  31  3:59  Medivac  
  31  4:02  SCV  
  35  4:12  Siege Tank  
  35  4:14  Marine  
  39  4:19  Supply Depot  
  39  4:51  Medivac  
  41  4:54  Siege Tank  
  41  4:56  Marine  
  41  4:57  Marine  
  42  5:13  Marine  
  43  5:23  Barracks Reactor  
  43  5:26  Barracks  
  43  5:31  Marine  
  43  5:34  Widow Mine  
  46  5:42  Supply Depot  
  46  5:44  SCV  
  47  5:58  Starport Reactor  
  47  6:03  Widow Mine, Marine  
  50  6:09  Command Center  
  50  6:19  Marine  
  50  6:20  Marine  
  50  6:21  Marine  
  53  6:36  Marine  
  50  6:50  Marine x2  
  50  6:54  Marine  
  50  7:01  Viking x2  
  55  7:10  Marine  
  47  7:25  Marine x2  
  47  7:27  Marine  
  50  7:31  Viking  
  52  7:43  Marine x2  
  49  7:59  Viking  
  49  8:01  Viking  
  53  8:22  Siege Tank  
  56  8:29  Viking  
  56  8:38  Marine x3  
  57  8:54  Siege Tank  
  60  8:55  Marine  
  60  8:56  Marine  
  59  9:20  Starport, SCV  
  59  9:23  Orbital Command  
  60  9:32  SCV  
  60  9:36  Command Center  
  61  9:50  Liberator x2  
  61  10:09  Siege Tank  
  70  10:15  Starport Tech Lab  
  70  10:30  Supply Depot x2  
  70  10:32  Refinery  
  70  10:42  Refinery  
  70  10:48  Siege Tank, SCV x2  
  72  11:00  SCV x2  
  71  11:06  Marine  
  71  11:07  Marine  
  73  11:12  SCV x2  
  75  11:24  SCV  
  72  11:25  Liberator  
  72  11:26  Liberator  
  72  11:39  Banshee  
  75  11:44  SCV  
  64  11:56  SCV  
  65  12:08  SCV  
  65  12:09  Barracks Tech Lab  
  65  12:10  Barracks  
  65  12:15  Barracks, Orbital Command  
  66  12:20  SCV  
  66  12:21  Banshee  
  70  12:29  Supply Depot  
  70  12:32  SCV  
  71  12:40  SCV  
  72  12:45  SCV  
  73  12:53  SCV  
  73  12:57  SCV  
  73  12:58  Cloaking Field  
  75  13:02  Barracks Reactor  
  75  13:03  Barracks Reactor  
  75  13:04  Banshee  
  75  13:05  SCV  
  79  13:09  SCV  
  80  13:16  Supply Depot  
  80  13:17  SCV  
  81  13:21  SCV  
  82  13:28  Refinery  
  82  13:29  Starport  
  82  13:33  Armory, SCV  
  83  13:37  SCV  
  83  13:38  Armory  
  84  13:45  Supply Depot, SCV  
  84  13:46  Marine x3  
  84  13:47  Banshee  
  84  13:48  Marine  
  92  13:49  SCV  
  93  13:57  Viking, SCV  
  93  13:59  Engineering Bay  
  96  14:03  SCV  
  96  14:07  Starport Tech Lab  
  96  14:09  SCV  
  98  14:13  Starport  
  98  14:15  SCV  
  99  14:21  SCV  
  100  14:27  SCV  
  100  14:30  Banshee  
  104  14:37  Liberator x2  
  98  15:00  Terran Infantry Weapons Level 1  
  98  15:02  Starport Tech Lab  
  98  15:08  Terran Ship Weapons Level 1  
  98  15:12  Refinery  
  98  15:19  Liberator  
  98  15:20  Liberator  
  98  15:22  Missile Turret, Command Center  
  98  15:29  Banshee x2  
  98  15:31  Marine x4  
  98  15:32  Marine  
  109  15:36  Terran Vehicle And Ship Armor Level 1  
  109  15:39  SCV  
  109  15:40  Liberator  
  116  15:43  Missile Turret  
  116  15:49  Marine x2, Siege Tank  
  121  15:51  Supply Depot, SCV  
  122  16:02  Liberator  
  125  16:06  Missile Turret  
  125  16:11  Liberator  
  125  16:12  Barracks  
  125  16:14  Supply Depot, Barracks  
  125  16:17  Liberator  
  128  16:27  Missile Turret  
  131  16:34  Supply Depot  
  131  16:38  Supply Depot  
  131  16:39  Supply Depot  
  134  16:41  Refinery x2  
  134  16:42  Command Center  
  134  16:45  Planetary Fortress  
  134  16:54  Corvid Reactor  
  134  16:56  Missile Turret  
  134  17:07  Marine  
  134  17:08  Marine x4  
  140  17:15  Missile Turret  
  140  17:19  Barracks Reactor x2  
  139  17:25  Marine  
  139  17:26  Marine x4  
  144  17:31  Barracks Reactor  
  144  17:32  Terran Ship Weapons Level 2  
  144  17:33  Terran Vehicle And Ship Armor Level 2  
  144  17:42  Stimpack  
  144  17:43  Marine  
  144  17:44  Marine x4  
  148  17:47  Widow Mine  
  151  17:54  SCV  
  151  17:55  Refinery  
  152  18:01  Marine x5, Missile Turret  
  152  18:03  Liberator x2  
  157  18:06  SCV  
  148  18:15  Widow Mine  
  148  18:18  SCV  
  148  18:19  Marine x3  
  160  18:30  SCV  
  153  18:38  Marine x5  
  153  18:41  Liberator x3  
  133  20:36  Banshee x3  
  142  20:42  Planetary Fortress  
  142  20:44  Marine  
  142  20:45  Marine x8  
  151  20:50  Terran Infantry Weapons Level 2  
  151  20:53  Terran Ship Weapons Level 3  
  151  20:55  Terran Vehicle And Ship Armor Level 3  
  151  21:02  Marine x3  
  151  21:03  Marine x6, Command Center  
  160  21:12  Marine  
  160  21:15  Combat Shields  
  161  21:19  Banshee x2  
  161  21:20  Marine x9  
  176  21:30  Marine  
  176  21:31  Explosive Shrapnel Shells  
  177  21:36  Fusion Core, SCV  
  177  21:38  Marine x2  
  180  21:52  Marine x7  
  180  21:53  Marine, SCV  
  189  22:05  SCV  
  189  22:07  Missile Turret  
  190  22:10  Marine  
  190  22:11  Marine  
  190  22:14  Missile Turret  
  192  22:17  SCV  
  193  22:27  Fusion Core  
  193  22:29  SCV, Missile Turret  
  194  22:33  Refinery  
  194  22:36  Refinery, Missile Turret  
  194  22:40  Missile Turret, Planetary Fortress  
  194  22:41  SCV  
  195  23:01  Missile Turret x2  
  195  23:22  Missile Turret  
  195  23:42  Missile Turret  
  193  24:02  Missile Turret  
  191  24:03  Advanced Ballistics  
  191  24:04  Hyperflight Rotors  
  191  24:17  Command Center  
  191  24:26  Missile Turret  
  161  25:15  SCV  
  162  25:27  SCV  
  163  25:32  Missile Turret  
  163  25:47  Marine x3  
  163  25:48  Marine x6  
  172  25:53  Factory  
  172  25:54  Missile Turret  
  172  25:55  Terran Vehicle Weapons Level 1, Factory  
  162  25:59  Terran Infantry Weapons Level 3  
  162  26:04  Engineering Bay  
  162  26:05  Marine x8  
  162  26:06  Marine  
  162  26:10  Medivac x5  
  181  26:15  Missile Turret  
  181  26:23  Marine x3  
  184  26:34  Planetary Fortress  
  184  26:36  Missile Turret  
  184  26:39  Terran Infantry Armor Level 1  
  184  26:40  Factory Tech Lab  
  184  26:46  Factory Tech Lab  
  184  26:48  Thor  
  190  26:56  Missile Turret  
  190  26:58  Marine x2  
  192  27:19  Battlecruiser  
  198  27:58  Command Center  
  198  28:00  Command Center  
  198  28:13  Command Center  
  176  28:42  Battlecruiser  
  176  28:43  Raven x2  
  186  29:08  Weapon Refit  
  182  29:19  Thor x3  
  182  29:22  Orbital Command x2  
  200  29:37  Refinery  
  200  29:39  Refinery  
  181  30:17  Terran Vehicle Weapons Level 2  
  77  31:06  Battlecruiser x3  
  95  31:19  Marine x9  
  92  31:37  Marine x9  
  95  32:10  Battlecruiser x3  
  111  32:27  Command Center  
  85  33:14  Battlecruiser x2  
  97  33:22  Marine x7  
  97  33:25  Medivac  
  97  33:26  Medivac x2  
  110  33:29  Thor  
  116  33:40  Marine x7  
  116  33:41  Command Center  
  123  33:52  Refinery  
  123  33:55  Medivac  
  123  33:57  Marine  
  123  33:58  Marine x6  
  132  34:15  Viking x2, Marine  
  132  34:16  Marine x6  
  143  34:18  Viking x2  
  147  34:25  Viking  
  143  34:34  Marine  
  138  34:44  Viking  
  138  34:45  Viking  
  142  34:48  Viking  
  142  34:49  Marine x6  
  142  34:52  Marine  
  151  35:05  Refinery  
  151  35:07  Marine x6  
  151  35:08  Planetary Fortress  
  151  35:09  Marine  
  152  35:20  Liberator  
  152  35:22  SCV  
  152  35:24  Marine  
  152  35:25  Marine  
  155  35:33  Thor  
  155  35:34  Thor, SCV  
  171  35:47  SCV  
  171  35:48  SCV  
  173  35:53  Planetary Fortress  
  173  35:58  Missile Turret  
  173  35:59  SCV  
  173  36:00  SCV  
  173  36:03  Behemoth Reactor  
  175  36:12  SCV  
  176  36:19  Command Center  
  176  36:24  SCV  
  177  36:36  SCV  
  178  36:42  Thor  
  184  36:55  SCV  
  184  36:58  SCV  
  186  37:07  SCV  
  182  38:20  Thor x2  
  182  38:21  Thor  
Show
View Real Time Build Order
Export as new Build Order

capac Terran 

Build Orders: MMM Bio 

Get SALT Encoding   

  12  0:00  SCV  
  13  0:12  SCV  
  14  0:18  Supply Depot  
  14  0:24  SCV  
  15  0:39  SCV  
  15  0:41  Barracks  
  16  0:51  SCV  
  17  1:03  SCV  
  18  1:05  Refinery  
  18  1:16  SCV  
  19  1:28  Supply Depot, SCV  
  20  1:46  Command Center  
  20  1:51  Barracks Reactor  
  20  1:57  Barracks  
  20  2:08  SCV  
  21  2:11  Refinery  
  21  2:20  SCV  
  22  2:27  Marine x2  
  24  2:35  SCV  
  25  2:48  Marine x2  
  25  2:50  SCV  
  27  2:59  Barracks Tech Lab, Factory  
  27  3:04  Engineering Bay  
  27  3:07  SCV x2  
  29  3:15  Marine x2  
  31  3:20  Stimpack  
  31  3:25  Marine  
  32  3:32  Orbital Command  
  32  3:38  SCV  
  32  3:39  Marine  
  32  3:40  Marine  
  35  3:50  SCV  
  35  3:53  Starport  
  36  3:58  Marine  
  36  3:59  Marine  
  38  4:04  Orbital Command  
  38  4:11  Factory Reactor  
  38  4:15  Marine  
  39  4:20  Marine  
  39  4:21  Marine  
  39  4:40  Liberator  
  36  4:52  Marine x2  
  41  5:06  Orbital Command  
  41  5:37  Supply Depot  
  40  6:02  Supply Depot  
  40  6:03  Supply Depot  
  40  6:23  Marine x3  
  40  6:24  SCV  
  44  6:27  Liberator  
  44  6:28  Factory Tech Lab  
  46  6:57  Starport  
  46  7:00  Barracks  
  46  7:12  Liberator  
  44  7:24  Liberator  
  44  7:25  Supply Depot  
  44  7:27  Supply Depot  
  44  7:29  Siege Tank  
  50  8:13  Siege Tank  
  50  8:15  SCV  
  54  8:22  Marine x2  
  54  8:23  Combat Shields  
  56  8:27  SCV  
  46  9:01  Liberator  
  46  9:02  Marine x2, Liberator x2  
  48  9:20  Marine  
  48  9:23  Supply Depot, Siege Tank  
  61  9:27  Supply Depot  
  61  9:29  Supply Depot, Marine  
  61  9:30  SCV  
  63  9:38  Marine  
  64  9:40  Factory  
  64  9:43  SCV  
  65  9:47  Marine  
  62  9:55  Liberator, SCV  
  62  9:56  Marine, Liberator  
  63  10:04  Marine  
  63  10:06  Missile Turret  
  64  10:12  Medivac  
  72  10:26  SCV  
  73  10:29  SCV  
  73  10:32  Siege Tank  
  77  10:38  SCV  
  78  10:47  Marine x2  
  80  11:09  Marine  
  80  11:10  Marine  
  82  11:27  Marine x2  
  82  11:54  Marine x2  
  78  12:08  SCV  
  78  12:09  SCV  
  78  12:12  Marine x2  
  82  12:20  Command Center  
  82  12:21  SCV  
  83  12:31  SCV  
  83  12:33  SCV  
  83  12:35  Marine x2  
  87  12:37  Factory Tech Lab  
  87  12:44  SCV  
  88  12:47  Barracks  
  88  12:48  Starport Reactor, Medivac x2  
  92  12:52  Siege Tank  
  92  12:53  Barracks  
  92  12:54  SCV  
  92  12:56  Refinery, SCV  
  92  12:57  Refinery  
  97  13:01  Terran Infantry Weapons Level 1  
  97  13:04  Marine  
  99  13:07  Barracks Reactor  
  99  13:09  Siege Tank  
  99  13:12  SCV  
  102  13:29  Supply Depot  
  102  13:30  Supply Depot  
  102  13:32  SCV x2  
  102  13:34  Engineering Bay  
  104  13:44  Marine x3, SCV x2  
  104  13:47  Barracks Reactor  
  109  13:56  Refinery  
  109  14:00  Missile Turret  
  109  14:03  Siege Tank  
  112  14:10  Orbital Command  
  112  14:18  SCV x2  
  114  14:25  Marine x3  
  114  14:26  Marine x2  
  114  14:30  SCV x2  
  121  14:31  Medivac  
  117  14:52  Liberator  
  117  14:58  SCV x2  
  117  14:59  SCV  
  120  15:07  Medivac x3  
  120  15:10  Marine x4, SCV  
  120  15:11  Marine x3  
  120  15:13  Siege Tank x2  
  143  15:22  Missile Turret  
  143  15:30  Marine x2  
  143  15:31  Marine x4  
  143  15:32  Terran Infantry Armor Level 1  
  149  15:38  Refinery  
  149  15:42  Liberator  
  149  15:52  Supply Depot x2  
  152  16:05  SCV x2  
  152  16:06  SCV  
  152  16:09  Liberator  
  152  16:10  Armory  
  155  16:21  Marine x5  
  155  16:22  Marine x2  
  165  16:37  Liberator  
  165  16:38  Marine  
  165  16:39  Marine x2  
  168  17:00  Command Center  
  171  17:01  Supply Depot  
  171  17:05  Supply Depot  
  171  17:06  Liberator  
  171  17:13  Liberator x2  
  180  17:39  Supply Depot  
  180  17:41  Supply Depot, Marine x4  
  180  17:42  Marine  
  182  18:44  Marine x4  
  182  18:45  Marine  
  184  19:02  Marine x6  
  187  19:03  Marine  
  184  19:47  Liberator x4  
  93  20:41  SCV  
  93  20:42  Liberator x3  
  94  20:43  Liberator  
  94  20:53  SCV  
  107  21:05  Planetary Fortress  
  107  21:20  Refinery  
  107  21:22  Refinery  
  107  21:28  Thor  
  113  21:34  Liberator x4  
  113  21:35  Marine x3  
  113  21:36  Marine x3  
  131  21:57  Terran Infantry Weapons Level 2  
  131  22:01  Terran Infantry Armor Level 2  
  131  22:03  Terran Ship Weapons Level 1  
  131  22:06  Marine x2  
  131  22:07  Marine x5  
  138  22:14  Thor  
  144  22:23  Liberator  
  144  22:24  Marine x3  
  144  22:25  Marine x2  
  149  22:34  Medivac  
  154  22:57  Liberator  
  154  23:05  Starport Tech Lab  
  154  23:06  Command Center  
  157  23:22  Armory  
  146  24:17  Terran Infantry Weapons Level 3  
  146  24:19  Terran Infantry Armor Level 3  
  146  24:20  Terran Vehicle Weapons Level 1  
  146  24:22  Terran Ship Weapons Level 2  
  145  25:19  Marine x5  
  145  25:20  Marine x2  
  152  25:22  Liberator  
  152  25:37  Starport, Marine x5  
  152  25:38  Marine  
  161  25:43  Command Center  
  161  25:49  Planetary Fortress  
  161  26:19  Terran Vehicle Weapons Level 2  
  161  26:28  Starport  
  161  26:40  Marine x7  
  161  26:43  Terran Ship Weapons Level 3  
  168  26:53  SCV  
  169  27:15  Liberator x3  
  169  27:16  Factory, Liberator  
  181  27:38  Siege Tank  
  181  27:39  Siege Tank  
  187  27:56  Medivac  
  183  28:44  Terran Vehicle Weapons Level 3  
  183  28:53  Factory Tech Lab  
  183  28:54  Missile Turret  
  183  29:00  Missile Turret  
  183  29:14  Liberator x3  
  183  29:27  Marine  
  183  29:28  Marine x6  
  199  29:45  Marine  
  101  31:01  Marine  
  101  31:02  Marine x6  
  88  31:18  Orbital Command  
  88  31:19  Marine x2  
  88  31:20  Marine x5  
  92  31:25  Terran Vehicle And Ship Armor Level 1  
  80  31:37  Marine x3  
  80  31:38  Marine x2  
  58  32:11  Marine x2  
  58  32:12  Marine x3  
  58  32:13  Viking x2  
  58  32:14  Viking x2  
  42  33:15  Viking x3  
  42  33:16  Viking  
  47  33:20  Thor  
  52  33:27  Refinery  
  52  33:28  Refinery  
  39  35:16  Marine x3  
  39  35:17  Marine x4  
  46  35:26  Viking x3  
  46  35:27  Viking  
  54  35:34  Marine x5  
  54  35:35  Marine x2  
  61  35:52  Marine x6  
  61  35:53  Viking, Marine  
  61  35:56  Viking  
  72  36:09  Marine  
  72  36:10  Refinery, Marine x6  
  72  36:11  SCV  
  80  36:23  SCV  
  81  36:27  Marine x2  
  81  36:28  Marine x5  
  81  36:29  Viking x3  
  94  36:35  SCV  
  94  36:39  Viking  
  97  36:45  Marine x3  
  97  36:46  Marine x2  
  102  36:47  SCV  
  102  36:48  Marine x2  
  105  36:56  Viking  
  107  37:03  Marine x4  
  107  37:04  Marine  
  107  37:06  Marine x2  
  114  37:15  Viking  
  114  37:16  Viking  
  114  37:17  Viking  
  120  37:33  Medivac  
Tags
 
Composition
MMM Bio
League
GoldGold
Matchup
TvT
Opening
1/1/1
Race
Terran
Add a new tag
Caveats
  • Supply blocks, unpowered buildings, or Contaminate may cause inaccurate times.
  • Supply counts are checked every 10 seconds.